3A
KENNESAW JETS @ CONNETQUOT CHIEFS
06/21/2029
 
TOP OF THE 1ST
Kennesaw Jets batting - Pitching for Connetquot Chiefs : RHP Jason Cease
Pitching: RHP Jason Cease
Batting: RHB Diego Romero 0-0: SINGLE (Groundball, 3S) (infield hit)
Batting: RHB Javier De La Garza 0-0: Fly out, F7 (Flyball, 7LMF)
Batting: RHB Renato Zuvic 0-0: Fielders Choice at 2nd, 4-6 (Groundball, 4)
Batting: LHB Félix Calixto 0-0: Ball
1-0: Ball
2-0: Foul Ball, location: 2F
2-1: Swinging Strike
2-2: Ball
3-2: Fly out, F9 (Line Drive, 89S)
Top of the 1st over - 0 runs, 1 hit, 0 errors, 1 left on base; Kennesaw 0 - Connetquot 0
BOTTOM OF THE 1ST
Connetquot Chiefs batting - Pitching for Kennesaw Jets : RHP Plinio Cardadeiro
Pitching: RHP Plinio Cardadeiro
Batting: RHB Creed Bratton 0-0: Ball
1-0: Foul Ball, location: 2F
1-1: Swinging Strike
1-2: Strikes out swinging
Batting: LHB Travis Grigor 0-0: Ball
1-0: Foul Ball, location: 2F
1-1: Ball
2-1: Ground out 6-3 (Groundball, 6)
Batting: RHB Dan Chrzan 0-0: Ball
1-0: Fly out, F7 (Flyball, 7LD)
Bottom of the 1st over - 0 runs, 0 hits, 0 errors, 0 left on base; Kennesaw 0 - Connetquot 0
TOP OF THE 2ND
Kennesaw Jets batting - Pitching for Connetquot Chiefs : RHP Jason Cease
Batting: RHB Maurice Tremain 0-0: Ball
1-0: Ball
2-0: Called Strike
2-1: Swinging Strike
2-2: Fly out, F8 (Flyball, 8RS)
Batting: RHB Bernardo Martínez 0-0: Ground out 5-3 (Groundball, 56)
Batting: LHB Sandor Addicks 0-0: Ball
1-0: Called Strike
1-1: Ball
2-1: Fly out, F9 (Flyball, 9S)
Top of the 2nd over - 0 runs, 0 hits, 0 errors, 0 left on base; Kennesaw 0 - Connetquot 0
BOTTOM OF THE 2ND
Connetquot Chiefs batting - Pitching for Kennesaw Jets : RHP Plinio Cardadeiro
Batting: LHB Carlos Campos 0-0: Called Strike
0-1: Swinging Strike
0-2: Ground out 6-3 (Groundball, 6)
Batting: RHB Abeni Mbanefo 0-0: Called Strike
0-1: Foul Ball, location: 2F
0-2: Ball
1-2: Ball
2-2: Ground out 5-3 (Groundball, 56)
Batting: RHB Peter Geib 0-0: Called Strike
0-1: Ball
1-1: Ball
2-1: Foul Ball, location: 2F
2-2: Strikes out swinging
Bottom of the 2nd over - 0 runs, 0 hits, 0 errors, 0 left on base; Kennesaw 0 - Connetquot 0
TOP OF THE 3RD
Kennesaw Jets batting - Pitching for Connetquot Chiefs : RHP Jason Cease
Batting: RHB Gerardo Maldonado 0-0: Swinging Strike
0-1: Swinging Strike
0-2: Ball
1-2: Fly out, F3 (Popup, 3S)
Batting: RHB Jason Hopdown 0-0: Called Strike
0-1: Called Strike
0-2: Ball
1-2: Foul Ball, location: 2F
1-2: Ball
2-2: Ball
3-2: Foul Ball, location: 2F
3-2: Ground out 1-3 (Groundball, 13S)
Batting: RHB Diego Romero 0-0: Ball
1-0: Ground out 4-3 (Groundball, 4)
Top of the 3rd over - 0 runs, 0 hits, 0 errors, 0 left on base; Kennesaw 0 - Connetquot 0
BOTTOM OF THE 3RD
Connetquot Chiefs batting - Pitching for Kennesaw Jets : RHP Plinio Cardadeiro
Batting: LHB Brad Mosley 0-0: Ball
1-0: Called Strike
1-1: Called Strike
1-2: Ball
2-2: Fly out, F3 (Line Drive, 3S)
Batting: LHB Bum-ho Im 0-0: Ball
1-0: Ball
2-0: Ball
3-0: Called Strike
3-1: Ground out 6-3 (Groundball, 6)
Batting: RHB Jeff MacCamie 0-0: Ball
1-0: Ball
2-0: Called Strike
2-1: Foul Ball, location: 2F
2-2: Foul Ball, location: 2F
2-2: Foul Ball, location: 2F
2-2: Ball
3-2: DOUBLE (Line Drive, 7)
Batting: RHB Creed Bratton 0-0: Ball
1-0: Called Strike
1-1: Ground out U3 (Groundball, 34)
Bottom of the 3rd over - 0 runs, 1 hit, 0 errors, 1 left on base; Kennesaw 0 - Connetquot 0
TOP OF THE 4TH
Kennesaw Jets batting - Pitching for Connetquot Chiefs : RHP Jason Cease
Batting: RHB Javier De La Garza 0-0: Called Strike
0-1: Swinging Strike
0-2: Foul Ball, location: 2F
0-2: Strikes out swinging
Batting: RHB Renato Zuvic 0-0: Ball
1-0: Ball
2-0: Ground out 3-1 (Groundball, 34)
Batting: LHB Félix Calixto 0-0: Ball
1-0: Called Strike
1-1: Called Strike
1-2: Strikes out swinging
Top of the 4th over - 0 runs, 0 hits, 0 errors, 0 left on base; Kennesaw 0 - Connetquot 0
BOTTOM OF THE 4TH
Connetquot Chiefs batting - Pitching for Kennesaw Jets : RHP Plinio Cardadeiro
Batting: LHB Travis Grigor 0-0: Swinging Strike
0-1: Swinging Strike
0-2: Foul Ball, location: 2F
0-2: Ball
1-2: Strikes out swinging
Batting: RHB Dan Chrzan 0-0: Called Strike
0-1: Ball
1-1: Ball
2-1: SINGLE (Line Drive, 7S)
Batting: LHB Carlos Campos 0-0: Hit by Pitch
Dan Chrzan to second
Batting: RHB Abeni Mbanefo 0-0: Fly out, F8 (Flyball, 8RD)
Batting: RHB Peter Geib 0-0: Foul Ball, location: 2F
0-1: Fly out, F7 (Flyball, 78S)
Bottom of the 4th over - 0 runs, 1 hit, 0 errors, 2 left on base; Kennesaw 0 - Connetquot 0
TOP OF THE 5TH
Kennesaw Jets batting - Pitching for Connetquot Chiefs : RHP Jason Cease
Batting: RHB Maurice Tremain 0-0: Called Strike
0-1: Ball
1-1: Ball
2-1: Swinging Strike
2-2: Strikes out swinging
Batting: RHB Bernardo Martínez 0-0: Foul Ball, location: 2F
0-1: Foul Ball, location: 2F
0-2: Ball
1-2: Foul Ball, location: 2F
1-2: Foul Ball, location: 2F
1-2: Foul Ball, location: 2F
1-2: Ball
2-2: Ball
3-2: Strikes out swinging, 2-3 out at first.
Batting: LHB Sandor Addicks 0-0: Ball
1-0: Ball
2-0: Ball
3-0: Called Strike
3-1: Foul Ball, location: 2F
3-2: Ground out 6-3 (Groundball, 6M)
Top of the 5th over - 0 runs, 0 hits, 0 errors, 0 left on base; Kennesaw 0 - Connetquot 0
BOTTOM OF THE 5TH
Connetquot Chiefs batting - Pitching for Kennesaw Jets : RHP Plinio Cardadeiro
Batting: LHB Brad Mosley 0-0: Ball
1-0: Foul Ball, location: 2F
1-1: Swinging Strike
1-2: Ball
2-2: Ball
3-2: Strikes out looking
Batting: LHB Bum-ho Im 0-0: Called Strike
0-1: Called Strike
0-2: Ball
1-2: Ball
2-2: Strikes out swinging
Batting: RHB Jeff MacCamie 0-0: Called Strike
0-1: Called Strike
0-2: Fly out, F8 (Flyball, 8RD)
Bottom of the 5th over - 0 runs, 0 hits, 0 errors, 0 left on base; Kennesaw 0 - Connetquot 0
TOP OF THE 6TH
Kennesaw Jets batting - Pitching for Connetquot Chiefs : RHP Jason Cease
Batting: RHB Gerardo Maldonado 0-0: Bunt missed!
0-1: Ball
1-1: DOUBLE (Line Drive, 78XD)
Batting: RHB Jason Hopdown 0-0: Foul Ball, location: 2F
0-1: Foul Ball, location: 2F
0-2: Ball
1-2: Strikes out swinging
Batting: RHB Diego Romero 0-0: Intentional Walk
Batting: RHB Javier De La Garza 0-0: Fly out, F8 (Flyball, 8LM)
Batting: RHB Renato Zuvic 0-0: Ball
1-0: Foul Ball, location: 2F
1-1: Ball
2-1: Swinging Strike
2-2: Foul Ball, location: 2F
2-2: Ball
3-2: Foul Ball, location: 2F
3-2: Strikes out looking
Top of the 6th over - 0 runs, 1 hit, 0 errors, 2 left on base; Kennesaw 0 - Connetquot 0
BOTTOM OF THE 6TH
Connetquot Chiefs batting - Pitching for Kennesaw Jets : RHP Plinio Cardadeiro
Batting: RHB Creed Bratton 0-0: Ball
1-0: Ball
2-0: Ball
3-0: Called Strike
3-1: Swinging Strike
3-2: Foul Ball, location: 2F
3-2: Foul Ball, location: 2F
3-2: Strikes out swinging
Batting: LHB Travis Grigor 0-0: Ground out 4-3 (Groundball, 4S)
Batting: RHB Dan Chrzan 0-0: Called Strike
0-1: Ball
1-1: Ball
2-1: DOUBLE (Line Drive, 7LM)
Batting: LHB Carlos Campos 0-0: Ball
1-0: Foul Ball, location: 2F
1-1: Foul Ball, location: 2F
1-2: Foul Ball, location: 2F
1-2: Fly out, F7 (Flyball, 7LSF)
Bottom of the 6th over - 0 runs, 1 hit, 0 errors, 1 left on base; Kennesaw 0 - Connetquot 0
TOP OF THE 7TH
Kennesaw Jets batting - Pitching for Connetquot Chiefs : RHP Jason Cease
Batting: LHB Félix Calixto 0-0: Called Strike
0-1: Ball
1-1: Ball
2-1: Called Strike
2-2: Strikes out swinging
Batting: RHB Maurice Tremain 0-0: Called Strike
0-1: Foul Ball, location: 2F
0-2: Fly out, F4 (Popup, 4)
Batting: RHB Bernardo Martínez 0-0: Ball
1-0: DOUBLE (Line Drive, 7LM)
Batting: LHB Sandor Addicks 0-0: Ball
1-0: Ball
2-0: Ball
3-0: Called Strike
3-1: SINGLE (Line Drive, 3)
Bernardo Martínez to third
Runner from 3rd tries for Home, SAFE, no throw
Pinch Hitting: RHB Gen Matsubara 0-0: Swinging Strike
0-1: Ball
1-1: Ball
Sandor Addicks is caught stealing 2nd base
Top of the 7th over - 1 run, 2 hits, 0 errors, 0 left on base; Kennesaw 1 - Connetquot 0
BOTTOM OF THE 7TH
Connetquot Chiefs batting - Pitching for Kennesaw Jets : RHP Plinio Cardadeiro
Now at 2B: Jack MacJarrow
Batting: RHB Abeni Mbanefo 0-0: Swinging Strike
0-1: Foul Ball, location: 2F
0-2: Strikes out swinging
Batting: RHB Peter Geib 0-0: Called Strike
0-1: Ball
1-1: Foul Ball, location: 2F
1-2: Ball
2-2: Ball
3-2: Fly out, F6 (Line Drive, 6)
Batting: LHB Brad Mosley 0-0: Called Strike
0-1: Swinging Strike
0-2: Strikes out swinging
Bottom of the 7th over - 0 runs, 0 hits, 0 errors, 0 left on base; Kennesaw 1 - Connetquot 0
TOP OF THE 8TH
Kennesaw Jets batting - Pitching for Connetquot Chiefs : RHP Jason Cease
Batting: SHB Jack MacJarrow 0-0: Foul Ball, location: 2F
0-1: Ball
1-1: Called Strike
1-2: Ball
2-2: Strikes out swinging
Batting: RHB Jason Hopdown 0-0: Ball
1-0: Called Strike
1-1: SINGLE (Line Drive, 56)
Batting: RHB Diego Romero 0-0: Called Strike
0-1: Called Strike
0-2: Foul Ball, location: 2F
0-2: Ball
1-2: Foul Ball, location: 2F
1-2: Ball
2-2: SINGLE (Groundball, 34D)
Jason Hopdown to second
Runner from 2nd tries for 3rd, SAFE, no throw
Pitching: LHP José Velasco
Batting: RHB Javier De La Garza 0-0: Ball
1-0: Swinging Strike
Error on foul ball, E3
1-2: Fly out, F5 (Line Drive, 5)
Batting: RHB Renato Zuvic 0-0: Ball
1-0: Ground out 1-3 (Groundball, P)
Top of the 8th over - 0 runs, 2 hits, 1 error, 2 left on base; Kennesaw 1 - Connetquot 0
BOTTOM OF THE 8TH
Connetquot Chiefs batting - Pitching for Kennesaw Jets : RHP Plinio Cardadeiro
Batting: LHB Bum-ho Im 0-0: Ball
1-0: Swinging Strike
1-1: Foul Ball, location: 2F
1-2: Ball
2-2: Hit by Pitch
Batting: RHB Jeff MacCamie 0-0: Sac Bunt - play at first, batter OUT! 3-4
Bum-ho Im to second
Pinch Hitting: RHB Rob McGinnity 0-0: Called Strike
0-1: Ball
1-1: Ball
2-1: Swinging Strike
2-2: Strikes out swinging
Batting: LHB Travis Grigor 0-0: Called Strike
0-1: Ball
1-1: Ground out 1-3 (Groundball, P)
Bottom of the 8th over - 0 runs, 0 hits, 0 errors, 1 left on base; Kennesaw 1 - Connetquot 0
TOP OF THE 9TH
Kennesaw Jets batting - Pitching for Connetquot Chiefs : LHP José Velasco
Pitching: LHP Gong Chin
Now in LF: Rob McGinnity
Batting: LHB Félix Calixto 0-0: Fly out, F4 (Popup, 4S)
Batting: RHB Maurice Tremain 0-0: Ground out 5-3 (Groundball, 56)
Batting: RHB Bernardo Martínez 0-0: Hit by Pitch
Pinch Hitting: RHB Miguel Angel Montaño 0-0: Called Strike
Bernardo Martínez steals 2nd base
0-1: Ball
1-1: Swinging Strike
1-2: Ball
2-2: Ball
3-2: Foul Ball, location: 2F
3-2: Foul Ball, location: 2F
3-2: Base on Balls
Pinch Hitting: RHB John Shultz 0-0: Called Strike
0-1: SINGLE (Groundball, 56D)
Bernardo Martínez to third
Miguel Angel Montaño to second
Runner from 3rd tries for Home, SAFE, throw made home
Batting: RHB Jason Hopdown 0-0: Foul Ball, location: 2F
0-1: Called Strike
0-2: Ball
Wild Pitch!
Miguel Angel Montaño to third
John Shultz to second
1-2: Foul Ball, location: 2F
1-2: Ball
2-2: Ball
3-2: Base on Balls
Batting: RHB Diego Romero 0-0: Foul Ball, location: 2F
0-1: Ball
1-1: Fly out, F9 (Line Drive, 9)
Top of the 9th over - 1 run, 1 hit, 0 errors, 3 left on base; Kennesaw 2 - Connetquot 0
BOTTOM OF THE 9TH
Connetquot Chiefs batting - Pitching for Kennesaw Jets : RHP Plinio Cardadeiro
Pitching: RHP Travis Arai
Now at 2B: Miguel Angel Montaño
Now at 3B: John Shultz
Batting: RHB Dan Chrzan 0-0: Ball
1-0: Foul Ball, location: 2F
1-1: Ground out 6-3 (Groundball, 6)
Batting: LHB Carlos Campos 0-0: Called Strike
0-1: Swinging Strike
0-2: Strikes out swinging
Batting: RHB Abeni Mbanefo 0-0: Ball
1-0: Fly out, F7 (Flyball, 7LS)
Bottom of the 9th over - 0 runs, 0 hits, 0 errors, 0 left on base; Kennesaw 2 - Connetquot 0
Tuesday, December 19th, 2017 - OOTP Baseball 18.8 Build 76